 Dungeon Crawl Stone Soup version 0.28-a0-984-g3775c662fe (webtiles) character file.

Game seed: 7683936031309424575

835 Crownlay the Digger (level 7, -2/36 HPs)
             Began as a Gargoyle Earth Elementalist on Dec 2, 2021.
             Was an Initiate of Vehumet.
             Killed by divine providence
             ... invoked by an orc priest
              (13 damage)
             ... on level 7 of the Dungeon on Dec 3, 2021.
             The game lasted 00:08:49 (4536 turns).

Crownlay the Digger (Gargoyle Earth Elementalist)   Turns: 4536, Time: 00:08:50

Health: -2/36      AC:  6    Str: 12    XL:     7   Next: 99%
Magic:  1/17       EV: 11    Int: 17    God:    Vehumet [......]
Gold:   262        SH:  0    Dex: 10    Spells: 15/19 levels left

rFire   . . .      SeeInvis .   d - +0 hand axe
rCold   . . .      Faith    .   (no shield)
rNeg    + . .      Spirit   .   b - +0 robe
rPois   ∞          Reflect  .   (no helmet)
rElec   +          Harm     .   (no cloak)
rCorr   .          Rampage  .   (no gloves)
Will    .....                   (no boots)
Stlth   ++........              (no amulet)
HPRegen 0.12/turn               (no ring)
MPRegen 0.15/turn               (no ring)

@: no status effects
A: sickness immunity, AC +4, negative energy resistance 1, electricity
resistance, torment resistance 1, petrification resistance
a: Renounce Religion


You were on level 7 of the Dungeon.
You worshipped Vehumet.
Vehumet was noncommittal.
You visited 1 branch of the dungeon, and saw 6 of its levels.

You collected 262 gold pieces.

Inventory:

Hand Weapons
 d - a +0 hand axe (weapon)
Missiles
 c - 28 stones
Armour
 b - a +0 robe (worn)
Jewellery
 j - an amulet of reflection
Wands
 r - a wand of flame (11)
Scrolls
 e - a scroll of magic mapping {unknown}
 i - a scroll of identify
 k - 2 scrolls of fear
 l - a scroll of immolation {unknown}
 n - a scroll of enchant armour {unknown}
 o - a scroll of holy word {unknown}
 q - a scroll of blinking {unknown}
 u - a scroll of teleportation {unknown}
Potions
 a - 2 potions of heal wounds
 f - 2 potions of degeneration {unknown}
 g - a potion of cancellation {unknown}
 h - 2 potions of resistance
 m - a potion of flight {unknown}
 p - a potion of attraction {unknown}
 s - a potion of haste {unknown}
 t - a potion of mutation {unknown}


   Skills:
 - Level 1.5 Dodging
 - Level 2.1 Stealth
 * Level 6.8 Spellcasting
 - Level 0.7 Transmutations
 + Level 6.9 Earth Magic


You had 15 spell levels left.
You knew the following spells:

 Your Spells              Type           Power      Damage    Failure   Level
a - Sandblast             Erth           58%        2d13      1%          1
b - Stone Arrow           Conj/Erth      34%        3d9       9%          3

Your spell library contained the following spells:

 Spells                   Type           Power      Damage    Failure   Level
 Passwall                 Tmut/Erth      15%        N/A       3%          2
 Petrify                  Tmut/Erth      18%        N/A       24%         4


Dungeon Overview and Level Annotations

Branches:
Dungeon (5/15)
 Temple: D:4-7

Altars:
Fedhas
Vehumet

Shops:
D:1 [


Innate Abilities, Weirdness & Mutations

You are immune to sickness and miasma.
Your stone body is resilient. (AC +4)
You are immune to poison.
You resist negative energy. (rN+)
You are resistant to electric shocks. (rElec)
You are resistant to unholy torment.
You are immune to petrification.


Message History

The gnoll shaman hits you but does no damage.
A wight comes into view.
It is wielding a +4 great sword of freezing.
The blast of sand hits the gnoll shaman but does no damage.
The gnoll shaman is heavily wounded.
The gnoll shaman hits you with a +0 club.
The blast of sand hits the gnoll shaman but does no damage.
The gnoll shaman is heavily wounded.
The gnoll shaman misses you.
The blast of sand hits the gnoll shaman!
The gnoll shaman is almost dead.
The gnoll shaman hits you but does no damage.
The gnoll shaman mumbles some strange prayers to its god.
The gnoll shaman is healed somewhat.
The gnoll shaman mumbles some strange prayers to its god.
The gnoll shaman is healed somewhat.
Casting: Sandblast (safe; 1% risk of failure)
Confirm with . or Enter, or press ? or * to list all spells.
Aiming: Sandblast (safe; 1% risk of failure)
Press: ? - help, Shift-Dir - straight line, f/p - gnoll shaman
Aim: a gnoll shaman, wielding a +0 club and wearing a +0 robe (moderately wounded, 83% to hit)
The blast of sand misses the gnoll shaman.
The gnoll shaman calls upon its god to speed up the gnoll.
The gnoll seems to speed up.
You closely miss the wight.
The gnoll hits you from afar with a +0 spear.
The wight hits you with a +0 long sword.
An orc priest comes into view. It is wielding a +0 club.
The orc priest shouts!
An orc wizard comes into view. It is wielding a +0 dagger.
The orc priest invokes the aid of Beogh against you.
You struggle to resist.
The orc wizard shouts!
An orc wizard comes into view. It is wielding a +0 dagger.
You are no longer glowing.
The orc wizard shouts!
The orc priest mumbles some strange prayers to Beogh against you.
Beogh smites you!
The orc priest invokes the aid of Beogh against you.
Beogh smites you!
You die...

#....# ##.## .## ##.### #.# ..#
#.# #.# #.## #.# ##'## ... #.#
##...# ### #.# #.#### ##.....
##.###.# #.##.## ##......
z####...g.Y######.#...####.......
.))........gzgz.@.oo.....'.......
g####...#########.#)..####.......
##..# #..o)....##...... ##.#
#....###.###..... #.# ##.#.# #
##...# #.# #..... ##'## #.#
###.### #... #.# #.# #..# #.#
##..#


You could see an ice beast, a gnoll shaman, 2 wights, an orc priest, 2 orc
wizards and a gnoll (fast).

Vanquished Creatures
  Grinder (D:3)
  An ice beast (D:7)
  2 ogres
  2 wights (D:7)
  2 howler monkeys
  A bullfrog zombie (D:3)
  A hound (D:4)
  An orc priest (D:7)
  An iguana (D:4)
  2 adders
  A gnoll (D:7)
  2 worms
  2 dart slugs
  6 orcs
  8 ball pythons
  7 endoplasms
  4 giant cockroaches
  8 hobgoblins
  4 jackals (D:1)
  3 quokkas
  6 bats
  5 frilled lizards
  8 goblins
  6 kobolds
  6 rats
90 creatures vanquished.

Vanquished Creatures (others)
  5 withered plants (D:3)
5 creatures vanquished.

Grand Total: 95 creatures vanquished

Notes
Turn   | Place    | Note
-------+----------+-------------------------------------------
     0 | D:1      | Crownlay the Gargoyle Earth Elementalist began the quest
                  | for the Orb.
     0 | D:1      | Reached XP level 1. HP: 10/10 MP: 3/3
   106 | D:1      | Reached XP level 2. HP: 9/15 MP: 0/5
   441 | D:1      | Found Xyvenguimp's Antique Armour Shoppe.
   550 | D:1      | Reached XP level 3. HP: 17/19 MP: 4/7
  1573 | D:2      | Reached XP level 4. HP: 19/24 MP: 5/9
  1997 | D:3      | Noticed an ogre
  2002 | D:3      | Killed an ogre
  2003 | D:3      | Reached skill level 5 in Earth Magic
  2003 | D:3      | Reached XP level 5. HP: 22/28 MP: 5/11
  2144 | D:3      | Found a faded altar of an unknown god.
  2421 | D:3      | Noticed Grinder
  2422 | D:3      | Paralysed by Grinder for 3 turns
  2451 | D:3      | Killed Grinder
  2452 | D:3      | Reached skill level 5 in Spellcasting
  2452 | D:3      | Reached XP level 6. HP: 4/32 MP: 7/14
  2823 | D:3      | Learned a level 3 spell: Stone Arrow
  2940 | D:4      | Found a radiant altar of Vehumet.
  2961 | D:4      | Reached XP level 7. HP: 12/36 MP: 9/15
  2967 | D:4      | Became a worshipper of Vehumet
  3407 | D:4      | Found a blossoming altar of Fedhas.
  4120 | D:4      | Upgraded the game from 0.28-a0-983-g1de4e0787c to
                  | 0.28-a0-984-g3775c662fe
  4137 | D:5      | Entered Level 5 of the Dungeon
  4137 | D:5      | You fall into a shaft and drop 2 floors!
  4536 | D:7      | Killed from afar by an orc priest

Illustrated notes

Levels and vault maps discovered:
D:1:      moated_graveyard_arrival, layout_rooms, serial_shops,
          nicolae_shop_window_shopping
D:2:      layout_basic, minmay_misc_feat_ornament, minmay_misc_feat_x
D:3:      layout_basic, ebering_ecumenical_altar_petrified,
          kennysheep_generic_room_10, uniq_grinder
D:4:      layout_basic, vehumet_altar_wand_db, mainiacjoe_overflow_brackets,
          kennysheep_generic_room_12
D:5:      layout_basic, mainiacjoe_overflow_small_starburst,
          mainiacjoe_overflow_paths
D:7:      layout_loops_corners

Skill      XL: |  1  2  3  4  5  6  7 |
---------------+----------------------+-----
Earth Magic    | 4 5 6 |  6.9
Spellcasting   | 3 4 5 6 |  6.8
Dodging        | |  1.5
Stealth        | |  2.1
Transmutations | |  0.7

Action                   |  1- 3 |  4- 6 |  7- 9 || total
-------------------------+-------+-------+-------++-------
Melee: Hand axe          |    13 |    25 |    32 ||    70
       Unarmed           |     3 |       |       ||     3
 Cast: Sandblast         |    50 |    33 |    27 ||   110
       Stone Arrow       |       |       |    11 ||    11
  Use: Scroll            |       |     2 |     1 ||     3
 Stab: Sleeping          |       |     1 |     2 ||     3
Armor: Robe              |    13 |     8 |    14 ||    35
Dodge: Dodged            |    25 |    11 |    27 ||    63

Table legend: (Time is in decaauts)
 A = Elapsed time spent in this place.
 B = Non-inter-level travel time spent in this place.
 C = Inter-level travel time spent in this place.
 D = Time resting spent in this place.
 E = Time spent auto-exploring this place.
 F = Levels seen in this place.
 G = Mean time per level.
                   A        B        C        D        E       F      G
               +--------+--------+--------+--------+--------+-----+--------+
         Total |   4556 |   4483 |     73 |    129 |   3616 |   6 |  759.3 |
       Dungeon |   4556 |   4483 |     73 |    129 |   3616 |   6 |  759.3 |
               +--------+--------+--------+--------+--------+-----+--------+

Top non-repeatable levels by time:
     D:4: 1258 daAuts
     D:2: 1083 daAuts
     D:3: 978 daAuts
     D:1: 837 daAuts
     D:7: 398 daAuts
